TOP OF THE 1ST |
Kenosha Kingfish batting - Pitching for State College Spikes : RHP Luis García
|
Pitching: RHP Luis García
|
|
Batting: LHB Marvin Nichols
|
0-0: Ball 1-0: Ball 2-0: Called Strike 2-1: Bunted foul 2-2: Foul Ball, location: 2F 2-2: Ball 3-2: Base on Balls
|
Batting: RHB Alejandro Ramírez
|
0-0: Ball 1-0: Swinging Strike 1-1: Ball 2-1: Foul Ball, location: 2F 2-2: Foul Ball, location: 2F 2-2: Foul Ball, location: 2F 2-2: Strikes out swinging
|
Batting: LHB Jon Quinn
|
0-0: Called Strike 0-1: Ball 1-1: Called Strike 1-2: Ball 2-2: Foul Ball, location: 2F 2-2: Ball 3-2: Foul Ball, location: 2F 3-2: Foul Ball, location: 2F 3-2: Ground out 4-3 (Groundball, 4MS) Marvin Nichols to second
|
Batting: RHB Tommy Davenport
|
0-0: 2-RUN HOME RUN (Flyball, 89XD), Distance : 416 ft
|
Batting: RHB Andrés Bustamante
|
0-0: Ball 1-0: SINGLE (Line Drive, 56D)
|
Batting: LHB Ernesto Meléndez
|
0-0: Called Strike 0-1: Swinging Strike 0-2: Strikes out swinging
|
Top of the 1st over - 2 run(s), 2 hit(s), 0 error(s), 1 left on base; Kenosha 2 - State College 0 |
BOTTOM OF THE 1ST |
State College Spikes batting - Pitching for Kenosha Kingfish : RHP Paul Lorenzo
|
Pitching: RHP Paul Lorenzo
|
|
Batting: LHB Burt Ward
|
0-0: Swinging Strike 0-1: Foul Ball, location: 2F 0-2: SINGLE (Groundball, 4MD)
|
Batting: RHB Luis Ortega
|
0-0: Called Strike 0-1: Ball 1-1: Ball 2-1: Swinging Strike 2-2: Foul Ball, location: 2F 2-2: Ball 3-2: Strikes out swinging
|
Batting: RHB Luis Montoya
|
0-0: Ball 1-0: Grounds into double play, 6-4-3 (Groundball, 6)
|
Bottom of the 1st over - 0 run(s), 1 hit(s), 0 error(s), 0 left on base; Kenosha 2 - State College 0 |
TOP OF THE 2ND |
Kenosha Kingfish batting - Pitching for State College Spikes : RHP Luis García
|
Batting: RHB Millard Ferguson
|
0-0: Ball 1-0: Ball 2-0: Called Strike 2-1: Ground out 6-3 (Groundball, 6)
|
Batting: RHB Ron Campbell
|
0-0: Ball 1-0: Called Strike 1-1: SINGLE (Groundball, 4D)
|
Batting: RHB David Barker
|
0-0: Ball 1-0: SINGLE (Groundball, 6MD) Ron Campbell to second
|
Batting: LHB Marvin Nichols
|
0-0: Ball 1-0: Foul Ball, location: 2F 1-1: Foul Ball, location: 2F 1-2: Strikes out swinging
|
Batting: RHB Alejandro Ramírez
|
0-0: Ball 1-0: SINGLE (Line Drive, 89S) Ron Campbell to third David Barker to second Runner from 3rd tries for Home, throw and OUT!
|
Top of the 2nd over - 0 run(s), 3 hit(s), 0 error(s), 2 left on base; Kenosha 2 - State College 0 |
BOTTOM OF THE 2ND |
State College Spikes batting - Pitching for Kenosha Kingfish : RHP Paul Lorenzo
|
Batting: RHB Martín López
|
0-0: Ball 1-0: Ball 2-0: Ground out 5-3 (Groundball, 56)
|
Batting: RHB Joe Salas
|
0-0: Ball 1-0: Ground out 5-3 (Groundball, 56S)
|
Batting: RHB Millard Walker
|
0-0: Called Strike 0-1: Ball 1-1: Swinging Strike 1-2: Ball 2-2: Fly out, F8 (Flyball, 8LXD)
|
Bottom of the 2nd over - 0 run(s), 0 hit(s), 0 error(s), 0 left on base; Kenosha 2 - State College 0 |
TOP OF THE 3RD |
Kenosha Kingfish batting - Pitching for State College Spikes : RHP Luis García
|
Batting: LHB Jon Quinn
|
0-0: Ball 1-0: Foul Ball, location: 2F 1-1: Ball 2-1: Foul Ball, location: 2F 2-2: Ball 3-2: Fly out, F8 (Line Drive, 89S)
|
Batting: RHB Tommy Davenport
|
0-0: Called Strike 0-1: Ball 1-1: Foul Ball, location: 2F 1-2: Ball 2-2: Ball 3-2: DOUBLE (Flyball, 78D)
|
Batting: RHB Andrés Bustamante
|
0-0: Called Strike 0-1: Foul Ball, location: 2F 0-2: Strikes out swinging
|
Batting: LHB Ernesto Meléndez
|
0-0: Called Strike 0-1: Ball 1-1: Ball 2-1: SINGLE (Flyball, 8RS) Tommy Davenport to third
|
Batting: RHB Millard Ferguson
|
0-0: Swinging Strike 0-1: Ball 1-1: Swinging Strike 1-2: Strikes out looking
|
Top of the 3rd over - 0 run(s), 2 hit(s), 0 error(s), 2 left on base; Kenosha 2 - State College 0 |
BOTTOM OF THE 3RD |
State College Spikes batting - Pitching for Kenosha Kingfish : RHP Paul Lorenzo
|
Batting: RHB Luis Árias
|
0-0: Ball 1-0: Ball 2-0: Ball 3-0: Called Strike 3-1: Foul Ball, location: 2F 3-2: Fly out, F8 (Flyball, 8LM)
|
Batting: RHB Diego Benítez
|
0-0: Ball 1-0: Ball 2-0: Foul Ball, location: 2F 2-1: SINGLE (Groundball, 6MD)
|
Batting: RHB Daniel Martínez
|
0-0: Called Strike 0-1: Foul Ball, location: 2F 0-2: Fly out, F8 (Flyball, 89XD)
|
Batting: LHB Burt Ward
|
0-0: Ground out U3 (Groundball, 34S)
|
Bottom of the 3rd over - 0 run(s), 1 hit(s), 0 error(s), 1 left on base; Kenosha 2 - State College 0 |
TOP OF THE 4TH |
Kenosha Kingfish batting - Pitching for State College Spikes : RHP Luis García
|
Batting: RHB Ron Campbell
|
0-0: Called Strike 0-1: SINGLE (Line Drive, 89S)
|
Batting: RHB David Barker
|
0-0: Ball 1-0: Ball Ron Campbell is caught stealing 2nd base 2-0: Called Strike 2-1: Foul Ball, location: 2F 2-2: Strikes out swinging
|
Batting: LHB Marvin Nichols
|
0-0: Bunt for hit - play at first, batter safe!
|
Batting: RHB Alejandro Ramírez
|
0-0: Called Strike Marvin Nichols steals 2nd base 0-1: Foul Ball, location: 2F 0-2: Ball 1-2: SINGLE (Line Drive, 9S) Marvin Nichols to third Runner from 3rd tries for Home, SAFE, no throw
|
Batting: LHB Jon Quinn
|
0-0: Fly out, F8 (Flyball, 78M)
|
Top of the 4th over - 1 run(s), 3 hit(s), 0 error(s), 1 left on base; Kenosha 3 - State College 0 |
BOTTOM OF THE 4TH |
State College Spikes batting - Pitching for Kenosha Kingfish : RHP Paul Lorenzo
|
Batting: RHB Luis Ortega
|
0-0: SINGLE (Line Drive, 6D)
|
Batting: RHB Luis Montoya
|
0-0: Ball 1-0: Ball 2-0: Ball 3-0: Called Strike 3-1: SINGLE (Line Drive, 56) Luis Ortega to second
|
Batting: RHB Martín López
|
0-0: Ball 1-0: Ball 2-0: SINGLE (Line Drive, 89S) Luis Ortega to third Luis Montoya to second
|
Batting: RHB Joe Salas
|
0-0: Foul Ball, location: 2F 0-1: Foul Ball, location: 2F 0-2: Ball 1-2: Foul Ball, location: 2F 1-2: Ball 2-2: Foul Ball, location: 2F 2-2: Ball 3-2: Foul Ball, location: 2F 3-2: Strikes out swinging
|
Batting: RHB Millard Walker
|
0-0: Ball 1-0: Called Strike 1-1: Ball 2-1: Called Strike 2-2: Strikes out swinging
|
Batting: RHB Luis Árias
|
0-0: Called Strike 0-1: Foul Ball, location: 2F 0-2: Ball 1-2: Ball 2-2: Strikes out swinging
|
Bottom of the 4th over - 0 run(s), 3 hit(s), 0 error(s), 3 left on base; Kenosha 3 - State College 0 |
TOP OF THE 5TH |
Kenosha Kingfish batting - Pitching for State College Spikes : RHP Luis García
|
Batting: RHB Tommy Davenport
|
0-0: Swinging Strike 0-1: Fly out, F8 (Flyball, 8LS)
|
Batting: RHB Andrés Bustamante
|
0-0: Ball 1-0: Ball 2-0: Called Strike 2-1: Swinging Strike 2-2: Strikes out looking
|
Batting: LHB Ernesto Meléndez
|
0-0: Fly out, F9 (Flyball, 89M)
|
Top of the 5th over - 0 run(s), 0 hit(s), 0 error(s), 0 left on base; Kenosha 3 - State College 0 |
BOTTOM OF THE 5TH |
State College Spikes batting - Pitching for Kenosha Kingfish : RHP Paul Lorenzo
|
Batting: RHB Diego Benítez
|
0-0: Ball 1-0: Called Strike 1-1: Called Strike 1-2: Strikes out swinging
|
Batting: RHB Daniel Martínez
|
0-0: Swinging Strike 0-1: DOUBLE (Line Drive, 9LM)
|
Batting: LHB Burt Ward
|
0-0: Ball 1-0: Ball 2-0: Foul Ball, location: 2F 2-1: Fly out, F6 (Line Drive, 6)
|
Batting: RHB Luis Ortega
|
0-0: Ball 1-0: Ball Wild Pitch! Daniel Martínez to third 2-0: Ball 3-0: Base on Balls
|
Batting: RHB Luis Montoya
|
0-0: Called Strike 0-1: DOUBLE (Line Drive, 7LD) Daniel Martínez scores Luis Ortega to third Runner from 3rd tries for Home, SAFE, no throw
|
Batting: RHB Martín López
|
0-0: Ground out 1-3 (Groundball, 15S)
|
Bottom of the 5th over - 2 run(s), 2 hit(s), 0 error(s), 1 left on base; Kenosha 3 - State College 2 |
TOP OF THE 6TH |
Kenosha Kingfish batting - Pitching for State College Spikes : RHP Luis García
|
Pitching: LHP Dan Brown
|
|
Batting: RHB Millard Ferguson
|
0-0: Ball 1-0: Ball 2-0: Ball 3-0: Base on Balls
|
Batting: RHB Ron Campbell
|
0-0: Foul Ball, location: 2F 0-1: Called Strike 0-2: Fly out, F8 (Flyball, 89M)
|
Batting: RHB David Barker
|
0-0: Ball Balk! Millard Ferguson to second 1-0: Intentional Walk
|
Batting: LHB Marvin Nichols
|
0-0: Called Strike 0-1: Foul Ball, location: 2F 0-2: Strikes out swinging
|
Batting: RHB Alejandro Ramírez
|
0-0: Ball 1-0: Ball 2-0: Ground out 4-3 (Groundball, 4MS)
|
Top of the 6th over - 0 run(s), 0 hit(s), 0 error(s), 2 left on base; Kenosha 3 - State College 2 |
BOTTOM OF THE 6TH |
State College Spikes batting - Pitching for Kenosha Kingfish : RHP Paul Lorenzo
|
Batting: RHB Joe Salas
|
0-0: Fly out, F6 (Line Drive, 56)
|
Batting: RHB Millard Walker
|
0-0: Ball 1-0: Called Strike 1-1: Ball 2-1: SINGLE (Groundball, 56D)
|
Pitching: RHP Pablo Suárez
|
|
Batting: RHB Luis Árias
|
0-0: Ball 1-0: Ball 2-0: Foul Ball, location: 2F 2-1: Foul Ball, location: 2F 2-2: Ball 3-2: Foul Ball, location: 2F 3-2: Strikes out swinging
|
Batting: RHB Diego Benítez
|
0-0: Swinging Strike 0-1: Ball 1-1: Ball 2-1: Ball 3-1: Base on Balls Millard Walker to second
|
Batting: RHB Daniel Martínez
|
0-0: Called Strike 0-1: Ball 1-1: Fielders Choice at 2nd, 4-6 (Groundball, 34)
|
Bottom of the 6th over - 0 run(s), 1 hit(s), 0 error(s), 1 left on base; Kenosha 3 - State College 2 |
TOP OF THE 7TH |
Kenosha Kingfish batting - Pitching for State College Spikes : LHP Dan Brown
|
Batting: LHB Jon Quinn
|
0-0: Called Strike 0-1: Foul Ball, location: 2F 0-2: Strikes out swinging
|
Batting: RHB Tommy Davenport
|
0-0: Called Strike 0-1: Swinging Strike 0-2: Ball 1-2: Ball 2-2: Ball 3-2: Strikes out looking
|
Batting: RHB Andrés Bustamante
|
0-0: Ball 1-0: Ball 2-0: Foul Ball, location: 2F 2-1: Ball 3-1: SINGLE (Line Drive, 78S)
|
Batting: LHB Ernesto Meléndez
|
0-0: Ball 1-0: Foul Ball, location: 2F 1-1: Fielders Choice at 2nd, 4-6 (Groundball, 4)
|
Top of the 7th over - 0 run(s), 1 hit(s), 0 error(s), 0 left on base; Kenosha 3 - State College 2 |
BOTTOM OF THE 7TH |
State College Spikes batting - Pitching for Kenosha Kingfish : RHP Pablo Suárez
|
Batting: LHB Burt Ward
|
0-0: Called Strike 0-1: Ball 1-1: Ball 2-1: Foul Ball, location: 2F 2-2: Ball 3-2: Fly out, F5 (Popup, 56)
|
Batting: RHB Luis Ortega
|
0-0: SINGLE (Groundball, 4D)
|
Batting: RHB Luis Montoya
|
0-0: Swinging Strike 0-1: Swinging Strike 0-2: Ball 1-2: Foul Ball, location: 2F 1-2: Foul Ball, location: 2F 1-2: Ball 2-2: Hit by Pitch Luis Ortega to second
|
Batting: RHB Martín López
|
0-0: Called Strike 0-1: Ball 1-1: Ball 2-1: Fly out, F7 (Line Drive, 7LM)
|
Batting: RHB Joe Salas
|
0-0: Reached on error, E5 (Groundball, 5) Luis Ortega to third Luis Montoya to second
|
Pinch Hitting: LHB Robin Jamieson
|
0-0: Ball 1-0: Fielders Choice at 2nd, 4-6 (Groundball, 34)
|
Bottom of the 7th over - 0 run(s), 1 hit(s), 1 error(s), 2 left on base; Kenosha 3 - State College 2 |
TOP OF THE 8TH |
Kenosha Kingfish batting - Pitching for State College Spikes : LHP Dan Brown
|
Now at 2B: Robin Jamieson
|
|
Batting: RHB Millard Ferguson
|
0-0: SINGLE (Flyball, 89S)
|
Batting: RHB Ron Campbell
|
0-0: Sac Bunt - play at first, batter OUT! 1-4 Millard Ferguson to second
|
Pinch Hitting: LHB Henry Durham
|
0-0: Intentional Walk
|
Pinch Hitting: RHB Rubén Hernández
|
0-0: SINGLE (Groundball, 6MD) Millard Ferguson to third Henry Durham to second Runner from 3rd tries for Home, SAFE, throw made home
|
Pinch Hitting: RHB Esteban Ayala
|
0-0: Ball Henry Durham steals 3rd base Rubén Hernández to second 1-0: Intentional Walk
|
Pinch Hitting: RHB Armando Arellano
|
0-0: Fly out, F8 (Flyball, 8RS) Runner from 3rd tags up, SCORES, no throw
|
Pitching: RHP Billy Davis
|
|
Batting: RHB Tommy Davenport
|
0-0: Ball 1-0: Foul Ball, location: 2F 1-1: Foul Ball, location: 2F 1-2: Strikes out swinging
|
Top of the 8th over - 2 run(s), 2 hit(s), 0 error(s), 2 left on base; Kenosha 5 - State College 2 |
BOTTOM OF THE 8TH |
State College Spikes batting - Pitching for Kenosha Kingfish : RHP Pablo Suárez
|
Now at 1B: Rubén Hernández
|
|
Now at 2B: Armando Arellano
|
|
Now in CF: Miguel Gómez
|
|
Now in RF: Justin McCoy
|
|
Batting: RHB Luis Árias
|
0-0: Ball 1-0: Reached on error, E6 (Groundball, 6M)
|
Pitching: RHP Edwin Manning
|
|
Batting: RHB Diego Benítez
|
0-0: Ball 1-0: Ball 2-0: Fly out, F6 (Popup, 56)
|
Batting: RHB Daniel Martínez
|
0-0: Ball 1-0: Ball 2-0: Called Strike 2-1: Swinging Strike 2-2: Fly out, F8 (Flyball, 8LD) Runner from 2nd tags up, SAFE at 3rd, no throw
|
Pitching: LHP Dong-young Kang
|
|
Batting: LHB Burt Ward
|
0-0: Called Strike 0-1: Foul Ball, location: 2F 0-2: Foul Ball, location: 2F 0-2: Ball Wild Pitch! Luis Árias scores 1-2: SINGLE (Line Drive, 78S)
|
Pitching: RHP Claudio Cuevas
|
|
Batting: RHB Luis Ortega
|
0-0: Ball 1-0: Ball 2-0: Called Strike 2-1: Called Strike 2-2: Ball 3-2: Foul Ball, location: 2F 3-2: Foul Ball, location: 2F 3-2: Base on Balls Burt Ward to second
|
Batting: RHB Luis Montoya
|
0-0: Called Strike 0-1: SINGLE (Line Drive, 7S) Burt Ward to third Luis Ortega to second Runner from 3rd tries for Home, throw and OUT!
|
Bottom of the 8th over - 1 run(s), 2 hit(s), 1 error(s), 2 left on base; Kenosha 5 - State College 3 |
TOP OF THE 9TH |
Kenosha Kingfish batting - Pitching for State College Spikes : RHP Billy Davis
|
Pitching: LHP Michael Stewart
|
|
Batting: RHB Andrés Bustamante
|
0-0: Called Strike 0-1: Ball 1-1: Foul Ball, location: 2F 1-2: Strikes out looking
|
Batting: LHB Ernesto Meléndez
|
0-0: Ball 1-0: Fly out, F9 (Line Drive, 9LM)
|
Batting: RHB Millard Ferguson
|
0-0: Swinging Strike 0-1: Foul Ball, location: 2F 0-2: Ball 1-2: Foul Ball, location: 2F 1-2: Ball 2-2: Strikes out swinging
|
Top of the 9th over - 0 run(s), 0 hit(s), 0 error(s), 0 left on base; Kenosha 5 - State College 3 |
BOTTOM OF THE 9TH |
State College Spikes batting - Pitching for Kenosha Kingfish : RHP Claudio Cuevas
|
Pitching: LHP José Carlos
|
|
Batting: RHB Martín López
|
0-0: Foul Ball, location: 2F 0-1: Swinging Strike 0-2: SINGLE (Groundball, 56D)
|
Batting: RHB Joe Salas
|
0-0: Fly out, F7 (Line Drive, 7)
|
Pinch Hitting: RHB Scott Lee
|
0-0: Ball 1-0: DOUBLE (Line Drive, 78D) Martín López to third Runner from 3rd tries for Home, SAFE, throw made home
|
Batting: RHB Luis Árias
|
0-0: Called Strike 0-1: Called Strike 0-2: Strikes out swinging
|
Batting: RHB Diego Benítez
|
0-0: Called Strike 0-1: Swinging Strike 0-2: Ball 1-2: Ball 2-2: Foul Ball, location: 2F 2-2: Foul Ball, location: 2F 2-2: Strikes out swinging
|
Bottom of the 9th over - 1 run(s), 2 hit(s), 0 error(s), 1 left on base; Kenosha 5 - State College 4 |
|